 Dungeon Crawl Stone Soup version 0.28.0-56-g4927b6849a (webtiles) character file.

Game seed: 4708339137876514158

60574 Atelerd the Covert (level 15, -7/88 HPs)
             Began as an Octopode Earth Elementalist on Feb 1, 2023.
             Was an Elder of Sif Muna.
             Killed from afar by a wretched star (31 damage)
             ... with a lance of force
             ... on level 2 of the Abyss.
             The game lasted 01:04:18 (30712 turns).

Atelerd the Covert (Octopode Earth Elementalist)   Turns: 30712, Time: 01:04:19

Health: -7/88      AC:  1    Str:  7    XL:     15   Next: 0%
Magic:  24/25      EV: 17    Int: 27    God:    Sif Muna [****..]
Gold:   1035       SH:  0    Dex: 17    Spells: 18/39 levels left

rFire   . . .      SeeInvis .   q - +7 quick blade (flame)
rCold   + . .      Faith    .   (no shield)
rNeg    . . .      Spirit   .   (helmet restricted)
rPois   +          Reflect  .   u - amulet of regeneration
rElec   .          Harm     .   w - ring of protection from cold
rCorr   .          Rampage  .   G - +6 ring of intelligence
Will    +....                   t - ring of ice
Stlth   +++++++...              C - ring of fire
HPRegen 1.04/turn               (no ring)
MPRegen 0.19/turn               (no ring)
                                (no ring)
                                (no ring)

@: hasted, very quick
A: almost no armour, amphibious, 8 rings, camouflage 1, gelatinous body 1,
(nimble swimmer 1), tentacles, clever 1, poison resistance, weak 1, MP-powered
wands, [low MP 2]
a: Renounce Religion, Channel Magic, Forget Spell, Divine Exegesis


You were on level 2 of the Abyss.
You worshipped Sif Muna.
Sif Muna was greatly pleased with you.
You visited 3 branches of the dungeon, and saw 19 of its levels.
You visited the Abyss 1 time.
You also visited: Bailey.

You collected 1443 gold pieces.
You spent 408 gold pieces at shops.

Inventory:

Hand Weapons
 q - a +7 quick blade of flaming (weapon)
 I - a +2 dagger of protection
Missiles
 B - 2 throwing nets
 E - 188 stones
Armour
 f - a +0 buckler
Jewellery
 b - an amulet of reflection
 d - a ring of ice
 n - the ring of Gelajud {Ice +Blink Will+ Str-5}
   (You found it on level 4 of the Lair of Beasts)

   [ring of ice]

   It enhances your ice magic.
   Str:       It affects your strength (-5).
   rF:        It makes you vulnerable to fire.
   rC:        It protects you from cold.
   +Blink:    It lets you blink.
   Will:      It increases your willpower.
 t - a ring of ice (on tentacle)
 u - an amulet of regeneration (around mantle)
 w - a ring of protection from cold (left tentacle)
 C - a ring of fire (on tentacle)
 D - a ring of flight
 G - a +6 ring of intelligence (right tentacle)
Wands
 a - a wand of mindburst (13)
 l - a wand of paralysis (11)
 y - a wand of polymorph (15)
 F - a wand of flame (33)
 K - a wand of iceblast (13)
Scrolls
 e - 6 scrolls of teleportation
 h - a scroll of identify
 i - 8 scrolls of blinking
 j - 5 scrolls of fog
 k - 2 scrolls of enchant armour
 m - 2 scrolls of magic mapping
 o - 6 scrolls of immolation
 p - 3 scrolls of torment
 v - 2 scrolls of fear
 x - 2 scrolls of vulnerability
 A - 2 scrolls of silence
 P - a scroll of holy word
Potions
 c - 4 potions of curing
 r - 3 potions of attraction
 s - a potion of brilliance
 z - 4 potions of might
 J - 2 potions of flight
 L - 2 potions of mutation
 N - a potion of resistance
 O - a potion of haste
 R - a potion of magic
Miscellaneous
 M - a phantom mirror (inert)


   Skills:
 - Level 3.0 Fighting
 + Level 6.9 Short Blades
 + Level 6.9 Dodging
 + Level 13.6 Stealth
 * Level 2.0 Shields
 + Level 12.9 Spellcasting
 + Level 4.5 Conjurations
 - Level 5.0 Summonings
 - Level 5.0 Necromancy
 - Level 8.0 Transmutations
 - Level 3.0 Air Magic
 + Level 11.0 Earth Magic
 - Level 3.0 Poison Magic
 * Level 6.6 Invocations
 - Level 2.0 Evocations


You had 18 spell levels left.
You knew the following spells:

 Your Spells              Type           Power      Damage    Failure   Level
a - Sandblast             Erth           100%       2d20      1%          1
b - Summon Lightning Spi  Summ/Air       39%        N/A       6%          4
e - Olgreb's Toxic Radia  Pois           33%        N/A       10%         4
p - Petrify               Tmut/Erth      62%        N/A       1%          4
v - Borgnjor's Vile Clut  Necr/Erth      28%        N/A       3%          5
w - Stone Arrow           Conj/Erth      100%       3d13      1%          3

Your spell library contained the following spells:

 Spells                   Type           Power      Damage    Failure   Level
 Animate Skeleton         Necr           88%        N/A       1%          1
 Beastly Appendage        Tmut           100%       N/A       1%          1
 Pain                     Necr           100%       1d9       1%          1
 Summon Small Mammal      Summ           100%       N/A       1%          1
 Corpse Rot               Necr/Air       78%        N/A       1%          2
 Passwall                 Tmut/Erth      51%        N/A       1%          2
 Wereblood                Tmut           57%        N/A       1%          2
 Call Canine Familiar     Summ           44%        N/A       1%          3
 Spider Form              Tmut/Pois      47%        N/A       1%          3
 Vampiric Draining        Necr           44%        2d9       1%          3
 Apportation              Tloc           34%        N/A       3%          1
 Slow                     Hex            68%        N/A       3%          1
 Dazzling Flash           Conj/Hex       58%        N/A       3%          3
 Summon Guardian Golem    Hex/Summ       30%        N/A       3%          3
 Scorch                   Fire           52%        2d8       4%          2
 Animate Dead             Necr           22%        N/A       4%          4
 Confusing Touch          Hex            17%        N/A       10%         3
 Gell's Gravitas          Tloc           17%        N/A       10%         3
 Inner Flame              Hex/Fire       26%        N/A       10%         3
 Lesser Beckoning         Tloc           17%        N/A       10%         3
 Ozocubu's Armour         Ice            26%        N/A       10%         3
 Portal Projectile        Hex/Tloc       34%        N/A       10%         3
 Teleport Other           Tloc           17%        N/A       10%         3
 Tukima's Dance           Hex            17%        N/A       10%         3
 Airstrike                Air            16%        N/A       10%         4
 Anguish                  Hex/Necr       15%        N/A       12%         4
 Flame Wave               Conj/Fire      44%        2d10      12%         4
 Agony                    Necr           44%        N/A       12%         5
 Excruciating Wounds      Necr           22%        N/A       12%         5
 Lightning Bolt           Conj/Air       18%        1d33      19%         5
 Cause Fear               Hex            8%         N/A       32%         4
 Passage of Golubria      Tloc           17%        N/A       32%         4
 Summon Forest            Summ/Tloc      15%        N/A       32%         5
 Summon Mana Viper        Hex/Summ       30%        N/A       32%         5
 Silence                  Hex/Air        12%        N/A       43%         5
 Death Channel            Necr           22%        N/A       54%         6
 Summon Cactus Giant      Summ           22%        N/A       54%         6
 Metabolic Englaciation   Hex/Ice        13%        N/A       65%         5
 Simulacrum               Ice/Necr       23%        N/A       87%         6
 Haunt                    Necr/Summ      22%        N/A       98%         7
 Monstrous Menagerie      Summ           22%        N/A       98%         7
 Spellforged Servitor     Conj/Summ      21%        N/A       98%         7
 Summon Hydra             Summ           22%        N/A       98%         7
 Enfeeble                 Hex            8%         N/A       100%        7
 Ozocubu's Refrigeration  Ice            13%        4d7       100%        7
 Discord                  Hex            8%         N/A       100%        8
 Ignition                 Fire           13%        3d6       100%        8
 Infestation              Necr           22%        N/A       100%        8
 Lehudib's Crystal Spear  Conj/Erth      28%        10d7      100%        8
 Necromutation            Tmut/Necr      25%        N/A       100%        8


Dungeon Overview and Level Annotations

Branches:
Dungeon (12/15)            Temple (1/1) D:5            Lair (6/6) D:9
  Swamp (0/4) Lair:3        Snake (0/4) Lair:4        Slime (0/5) Lair:5
    Orc (0/2) D:11         Bailey (visited)

Altars:
Ashenzari
Cheibriados
Dithmenos
Kikubaaqudgha
Makhleb
Ru
Sif Muna
Trog
Uskayaw
Wu Jian
Yredelemnul
Zin
Beogh
Jiyva

Shops:
D:3 (:   D:4 *!(

Portals:
Hell: Lair:6

Annotations:
D:5 2 runed translucent doors
D:7 3 runed translucent doors, exclusion: downstairs, Venard's ghost, novice MiFi; execc's ghost, novice OpBe
D:10 exclusion: downstairs
D:12 Erolcha
Lair:2 exclusion: downstairs


Innate Abilities, Weirdness & Mutations

You cannot wear most types of armour.
You are amphibious.
You can wear up to eight rings at the same time.
Your skin changes colour to match your surroundings (Stealth+).
Your rubbery body absorbs attacks. (AC +1, EV +1)
((You are camouflaged when in or above water. (Stealth+)))
You have tentacles for arms and can constrict up to eight enemies at once.
Your mind is acute. (Int +2)
Your system is resistant to poisons. (rPois)
You are weak. (Str -2)
You expend magic power (3 MP) to strengthen your wands.
[Your magical capacity is very low. (-20% MP)]


Message History

You burn the apocalypse crab. You grab the apocalypse crab.
The apocalypse crab is heavily wounded.
You constrict the apocalypse crab, but do no damage.
The helpless apocalypse crab fails to defend itself.
You skewer the apocalypse crab like a kebab!!!!
You burn the apocalypse crab.
You kill the apocalypse crab!
That felt strangely unrewarding.
The wretched star glows turbulently.
The lance of force misses you.
Casting: Petrify (mildly dangerous; 1% risk of failure)
Confirm with . or Enter, or press ? or * to list all spells.
Aiming: Petrify (mildly dangerous; 1% risk of failure)
Press: ? - help, Shift-Dir - straight line, f - small abomination
Aim: a small abomination (chance to affect: 60%)
The small abomination resists with significant effort.
You feel less invigorated.
The wretched star glows turbulently.
The lance of force hits you!!
You are knocked back by the lance of force.
You slam into the crystal wall!
Casting: Petrify (mildly dangerous; 1% risk of failure)
Confirm with . or Enter, or press ? or * to list all spells.
Aiming: Borgnjor's Vile Clutch (dangerous; 3% risk of failure)
Press: ? - help, Shift-Dir - straight line, f - wretched star, p - small abomination
Aim: a wretched star (100% to hit)
The wretched star is unaffected.
The wretched star glows turbulently.
The lance of force hits you!!
You are knocked back by the lance of force.
You slam into the crystal wall!
* * * LOW HITPOINT WARNING * * *
Okay, then.
The wretched star pulses with an eldritch light!
You feel less energetic. x2
You feel yourself speed up.
A water elemental comes into view.
The wretched star glows turbulently.
The lance of force hits you!!
You die...

#.#.....##..#.###
#
#......##......#
... .#..##..#.##
....#..##..##x.#
## ..# #.#
###.#..##...# #.
#.....# ##*..##
#.#.#.# #@..#...
#.### ... #.#
.### ##. . #. .
.#


You could see a wretched star and a small abomination.

Vanquished Creatures
  A deep elf sorcerer (Abyss:2)
  Fannar (D:11)
  4 hydras
  A centaur warrior (D:12)
  2 boulder beetles (Lair:6)
  3 two-headed ogres
  3 thrashing horrors (Abyss:2)
  Sonja (Lair:6)
  2 sun demons
  Nergalle (D:10)
  3 large abominations (Abyss:2)
  A wretched star (Abyss:2)
  A wizard (Lair:6)
  Pikel (D:8)
  A deep elf pyromancer (Bailey)
  2 orc knights
  An orc sorcerer (D:12)
  2 cyclopes
  A manticore (D:11)
  An ugly thing (D:12)
  2 black mambas
  14 elephants
  Joseph (D:8)
  4 orange demons
  An apocalypse crab (Abyss:2)
  2 centaur zombies (D:10)
  An ice statue (D:8)
  2 gargoyles
  2 rime drakes (Lair:6)
  A smoke demon (Lair:6)
  9 cane toads
  2 unseen horrors
  A kobold demonologist (D:10)
  9 ice devils
  An efreet (Abyss:2)
  15 komodo dragons
  A troll (D:10)
  Prince Ribbit (D:5)
  A polar bear (Lair:6)
  3 hornets
  21 blink frogs
  11 dream sheep
  3 ynoxinuls (Abyss:2)
  Sigmund (D:3)
  2 wraiths (D:10)
  9 wyverns
  34 yaks
  A shadow (D:10)
  4 small abominations (Abyss:2)
  2 basilisks (Lair:3)
  3 steam dragons
  A redback (shapeshifter) (D:10)
  A neqoxec (Abyss:2)
  4 nagas (Lair:4)
  4 acid dragons
  4 hell hounds (Lair:6)
  8 water moccasins
  2 floating eyes (D:10)
  21 orc warriors
  6 black bears
  2 ice beasts
  A sky beast (D:6)
  A necrophage (D:8)
  6 wolves
  8 centaurs
  3 ogres
  2 lemures (D:8)
  2 phantoms
  28 kobold brigands
  8 bullfrogs
  A gnoll sergeant (D:12)
  5 scorpions
  A water moccasin zombie (D:6)
  A water moccasin skeleton (D:6)
  4 killer bees (D:10)
  A nameless horror (D:9)
  18 wights
  8 howler monkeys
  6 electric eels (Lair:3)
  A bullfrog zombie (D:6)
  3 hounds
  8 orc priests
  4 jellies
  2 gnoll shamans
  2 bullfrog skeletons
  A hell rat (Lair:6)
  17 orc wizards
  3 iguanas (D:6)
  A scorpion zombie (D:5)
  A killer bee zombie (D:6)
  A hound zombie (D:5)
  A hound skeleton (D:4)
  Robin (D:3)
  4 howler monkey zombies
  19 gnolls
  9 adders
  2 shadow imps
  3 white imps
  12 ufetubi
  2 adder skeletons (D:4)
  2 worms
  2 dart slugs (D:2)
  53 orcs
  3 ball pythons
  A bat (D:3)
  11 endoplasms
  2 giant cockroaches
  A giant cockroach (shapeshifter) (D:10)
  12 hobgoblins
  4 jackals (D:2)
  3 quokkas
  2 frilled lizards (D:3)
  13 goblins
  36 kobolds
  5 rats
601 creatures vanquished.

Vanquished Creatures (collateral kills)
  2 elephants (Lair:6)
  2 blink frogs (Lair:5)
  7 dream sheep
  7 yaks
  A wolf (Lair:6)
19 creatures vanquished.

Vanquished Creatures (others)
  25 fungi
  34 plants
  12 starspawn tentacles (Abyss:2)
  4 withered plants (D:7)
75 creatures vanquished.

Grand Total: 695 creatures vanquished

Notes
Turn   | Place    | Note
-------+----------+-------------------------------------------
     0 | D:1      | Atelerd the Octopode Earth Elementalist began the quest for
                  | the Orb.
     0 | D:1      | Reached XP level 1. HP: 11/11 MP: 3/3
   220 | D:1      | Reached skill level 3 in Stealth
   220 | D:1      | Reached XP level 2. HP: 17/17 MP: 3/5
   395 | D:1      | Found a faded altar of an unknown god.
   996 | D:2      | Reached XP level 3. HP: 21/21 MP: 4/6
  1682 | D:2      | Reached XP level 4. HP: 18/27 MP: 2/7
  1875 | D:2      | Learned a level 4 spell: Petrify
  1921 | D:3      | Found Ebua's Book Shop.
  2162 | D:3      | Found Terutesi's Weapon Emporium.
  2339 | D:3      | Identified the +8 ring mail of the Snail {Rampage Dex+2}
  2472 | D:3      | Noticed Sigmund
  2479 | D:3      | Killed Sigmund
  2480 | D:3      | Reached skill level 4 in Stealth
  2480 | D:3      | Reached XP level 5. HP: 31/31 MP: 4/9
  2480 | D:3      | Reached XP level 6. HP: 36/36 MP: 4/10
  2562 | D:3      | Noticed Robin
  2580 | D:3      | HP: 1/36 [hobgoblin[Robin] (6)]
  2621 | D:3      | Killed Robin
  3150 | D:4      | Found Teyjaob's Distillery.
  3221 | D:4      | Bought a potion of degeneration for 13 gold pieces
  3221 | D:4      | Bought a potion of curing for 39 gold pieces
  3221 | D:4      | Bought a potion of attraction for 39 gold pieces
  3757 | D:4      | Found a sacrificial altar of Ru.
  3823 | D:4      | Reached skill level 5 in Stealth
  3823 | D:4      | Reached skill level 5 in Earth Magic
  3823 | D:4      | Reached XP level 7. HP: 16/41 MP: 7/12
  4022 | D:4      | Found Oreetec's Weapon Boutique.
  4117 | D:4      | Noticed a steam dragon
  4131 | D:4      | Killed a steam dragon
  4652 | D:4      | Found Amusal's General Store.
  4655 | D:4      | Bought a scroll of fog for 22 gold pieces
  4655 | D:4      | Bought a scroll of identify for 22 gold pieces
  4789 | D:5      | Entered Level 5 of the Dungeon
  5164 | D:5      | Reached XP level 8. HP: 43/46 MP: 8/13
  5165 | D:5      | Reached skill level 6 in Stealth
  5522 | D:5      | Found a runed translucent door.
  5542 | D:5      | Found a runed translucent door.
  5594 | D:5      | Noticed Prince Ribbit
  5598 | D:5      | Killed Prince Ribbit
  5599 | D:5      | Reached skill level 5 in Transmutations
  5762 | D:5      | Found a staircase to the Ecumenical Temple.
  5769 | D:5      | Reached skill level 5 in Spellcasting
  5834 | Temple   | Entered the Ecumenical Temple
  6130 | Temple   | Became a worshipper of Sif Muna the Loreminder
  6820 | D:6      | Reached XP level 9. HP: 42/51 MP: 13/17
  7254 | D:6      | Paralysed by an orc for 5 turns
  7732 | D:6      | Reached * piety under Sif Muna
  8119 | D:7      | Noticed a hornet
  8124 | D:7      | Paralysed by a hornet for 3 turns
  8239 | D:7      | Learned a level 3 spell: Stone Arrow
  8404 | D:7      | Reached skill level 1 in Invocations
  8420 | D:7      | Killed a hornet
  8421 | D:7      | Reached skill level 1 in Fighting
  8421 | D:7      | Reached skill level 1 in Short Blades
  8426 | D:7      | Found a faded altar of an unknown god.
  8617 | D:7      | Reached ** piety under Sif Muna
  8717 | D:7      | Reached XP level 10. HP: 59/59 MP: 11/21
  9470 | D:7      | Found a runed translucent gate.
  9471 | D:7      | Found a runed translucent gate.
  9471 | D:7      | Found a runed translucent gate.
  9471 | D:7      | Noticed Venard's ghost (novice MiFi)
  9471 | D:7      | Noticed execc's ghost (novice OpBe)
  9737 | D:8      | Reached skill level 7 in Stealth
 10141 | D:8      | Noticed Pikel
 10188 | D:8      | Killed Pikel
 10415 | D:8      | Noticed Joseph
 10427 | D:8      | Killed Joseph
 10428 | D:8      | Reached skill level 5 in Dodging
 10713 | D:8      | Reached skill level 8 in Stealth
 11298 | D:8      | Noticed an ice statue
 11327 | D:8      | Learned a level 4 spell: Summon Lightning Spire
 11530 | D:8      | Reached skill level 1 in Air Magic
 11620 | D:8      | Reached *** piety under Sif Muna
 12026 | D:8      | Reached XP level 11. HP: 67/67 MP: 5/23
 12188 | D:8      | Reached skill level 9 in Stealth
 13645 | D:4      | Bought a potion of mutation for 104 gold pieces
 13645 | D:4      | Bought a potion of flight for 39 gold pieces
 13645 | D:4      | Bought 2 potions of berserk rage for 130 gold pieces
 13645 | D:4      | Gained mutation: You are strong-willed. (Will+) [potion of
                  | mutation]
 13645 | D:4      | Gained mutation: Your body sometimes deteriorates upon
                  | taking damage. [potion of mutation]
 13645 | D:4      | Gained mutation: You have a pair of small antennae on your
                  | head. [potion of mutation]
 13646 | D:4      | Lost mutation: You are strong-willed. (Will+) [potion of
                  | mutation]
 13646 | D:4      | Lost mutation: Your body sometimes deteriorates upon taking
                  | damage. [potion of mutation]
 13646 | D:4      | Lost mutation: You have a pair of small antennae on your
                  | head. [potion of mutation]
 13646 | D:4      | Gained mutation: You are partially covered in iridescent
                  | scales. (AC +2) [potion of mutation]
 13646 | D:4      | Gained mutation: You are dopey. (Int -2) [potion of
                  | mutation]
 13646 | D:4      | Gained mutation: Your system is resistant to poisons.
                  | (rPois) [potion of mutation]
 13647 | D:4      | Lost mutation: You are partially covered in iridescent
                  | scales. (AC +2) [potion of mutation]
 13647 | D:4      | Lost mutation: You are dopey. (Int -2) [potion of mutation]
 13647 | D:4      | Gained mutation: You are weak. (Str -2) [potion of
                  | mutation]
 13647 | D:4      | Gained mutation: You expend magic power (3 MP) to
                  | strengthen your wands. [potion of mutation]
 13647 | D:4      | Gained mutation: Your mind is acute. (Int +2) [potion of
                  | mutation]
 14356 | D:9      | Reached skill level 5 in Short Blades
 14853 | D:9      | Reached skill level 1 in Summonings
 14883 | D:9      | Reached **** piety under Sif Muna
 14900 | D:9      | Reached skill level 10 in Stealth
 15290 | D:9      | Found a staircase to the Lair.
 15629 | D:10     | Entered Level 10 of the Dungeon
 15676 | D:10     | Noticed a two-headed ogre
 15684 | D:10     | Killed a two-headed ogre
 15685 | D:10     | Reached skill level 11 in Stealth
 16145 | D:10     | Found a flagged portal.
 16155 | Bailey   | Entered a bailey
 16179 | Bailey   | Reached skill level 10 in Spellcasting
 16229 | Bailey   | Found a large runed translucent door.
 16229 | Bailey   | Found a large runed translucent door.
 16230 | Bailey   | Noticed a deep elf pyromancer
 16300 | Bailey   | Noticed an orc knight
 16345 | Bailey   | Killed an orc knight
 16346 | Bailey   | Reached skill level 12 in Stealth
 16534 | Bailey   | Killed a deep elf pyromancer
 16535 | Bailey   | Reached XP level 12. HP: 42/72 MP: 22/26
 16869 | D:10     | Noticed Nergalle
 16887 | D:10     | Killed Nergalle
 17223 | Lair:1   | Entered Level 1 of the Lair of Beasts
 17439 | Lair:1   | You fall into a shaft and drop 1 floor!
 17863 | Lair:2   | Noticed an eight-headed hydra
 17876 | Lair:2   | Killed an eight-headed hydra
 17883 | Lair:2   | Learned a level 5 spell: Borgnjor's Vile Clutch
 18392 | Lair:1   | Reached skill level 1 in Necromancy
 18705 | Lair:1   | Reached ***** piety under Sif Muna
 18705 | Lair:1   | Received a gift from Sif Muna
 19075 | Lair:1   | Got Sif Muna's Disquisition on Supportive Execration {god
                  | gift}
 19569 | Lair:3   | Noticed an eight-headed hydra
 19578 | Lair:2   | Reached skill level 5 in Invocations
 19683 | Lair:3   | Killed an eight-headed hydra
 19819 | Lair:3   | Reached XP level 13. HP: 66/77 MP: 10/29
 19969 | Lair:3   | Found a staircase to the Swamp.
 20567 | Lair:4   | Identified a scroll of acquirement
 20568 | Lair:4   | Acquired a +4 quick blade
 20579 | Lair:4   | Identified the ring of Gelajud {Ice +Blink Will+ Str-5}
 20805 | Lair:4   | Found a staircase to the Snake Pit.
 21694 | Lair:5   | Reached skill level 10 in Earth Magic
 22327 | Lair:5   | Reached skill level 1 in Conjurations
 22650 | Lair:5   | Found a viscous altar of Jiyva.
 22650 | Lair:5   | Found a staircase to the Slime Pits.
 22656 | Lair:5   | Learned a level 4 spell: Olgreb's Toxic Radiance
 22719 | Lair:6   | Entered Level 6 of the Lair of Beasts
 22846 | Lair:6   | Reached skill level 1 in Poison Magic
 23751 | Lair:6   | Received a gift from Sif Muna
 23759 | Lair:6   | Got Sif Muna's Papyrus of the Voyage and Creation {god
                  | gift}
 24186 | Lair:6   | Reached XP level 14. HP: 83/83 MP: 30/30
 24432 | Lair:6   | Reached skill level 5 in Necromancy
 24818 | Lair:6   | Noticed Sonja
 24824 | Lair:6   | Killed Sonja
 24981 | Lair:6   | Found a burning altar of Makhleb.
 25098 | Lair:6   | Reached skill level 13 in Stealth
 25189 | Lair:6   | Found a gateway to Hell.
 26829 | D:10     | Received a gift from Sif Muna
 26830 | D:10     | Got Sif Muna's Grimoire of Darkness {god gift}
 27660 | D:11     | Found a staircase to the Orcish Mines.
 27706 | D:10     | Reached skill level 1 in Evocations
 28315 | D:11     | Noticed Fannar
 28342 | D:11     | Killed Fannar
 28732 | D:11     | Reached skill level 1 in Shields
 29118 | D:12     | Reached skill level 5 in Summonings
 29849 | D:12     | Reached XP level 15. HP: 64/88 MP: 27/31
 29859 | D:12     | Noticed Erolcha
 29861 | D:12     | Cast into level 2 of the Abyss (Erolcha)
 29914 | Abyss:2  | Found a radiant altar of Vehumet.
 30119 | Abyss:2  | Found a shimmering blue altar of Sif Muna.
 30321 | Abyss:2  | Noticed a tentacled starspawn
 30325 | Abyss:2  | Noticed a tentacled starspawn
 30327 | Abyss:2  | Noticed a lich
 30365 | Abyss:2  | Noticed a tentacled starspawn
 30442 | Abyss:2  | Noticed a lich
 30520 | Abyss:2  | Noticed a deep elf sorcerer
 30524 | Abyss:2  | Killed a deep elf sorcerer
 30592 | Abyss:2  | Noticed a bone dragon
 30712 | Abyss:2  | Killed from afar by a wretched star

Illustrated notes

Levels and vault maps discovered:
D:1:      zelgadis_glass_arrival_small, layout_rooms,
          shapermc_ecumenical_altar_pompeii, fountainhead
D:2:      layout_loops_cross, corexii_item_surrounded_by_moat
D:3:      layout_basic, serial_shops, nicolae_square_shop,
          nicolae_shop_bloodbath_and_beyond, minivault_26,
          minmay_randomly_rotated_circles, uniq_robin, uniq_sigmund
D:4:      layout_gridville, amcnicky_altar_gilded, serial_shops, shop,
          kennysheep_mini_moat, nicolae_shop_behind_doors
D:5:      lemuel_insect_pit, layout_basic, minmay_temple_entry_wispy,
          corexii_checkpoint_b, uniq_prince_ribbit1
D:6:      minmay_chambers_of_threes, layout_gridville, grunt_decor_mini_mirrors
D:7:      layout_cave_pools, serial_column_ruins, column_ruins_temple_circle,
          column_ruins_square_small, column_ruins_open_tiny,
          column_ruins_open_small, column_ruins_open_tiny, column_ruins_grid_3,
          column_ruins_open_small, column_ruins_grid_1,
          column_ruins_columns_straight, gammafunk_ghost_cemetery,
          grunt_decor_arrowhead
D:8:      cheibrodos_frozen_isle, layout_layer_cave, grunt_ministairs_11,
          grunt_decor_one_mirror, uniq_pikel, uniq_joseph
D:9:      layout_basic, erik_lair_dragon
D:10:     layout_basic, special_room [special_room_kobold], enter_bailey_7,
          onia_ninara_cookie, uniq_nergalle
D:11:     layout_basic, david_orc_5, uniq_fannar
D:12:     layout_cave_pools, minmay_librarian, uniq_erolcha
Temple:   mainiacjoe_temple_trianglar_array
Lair:1:   layout_chaotic_city, grunt_megastairs_5
Lair:2:   layout_regular_city, beast_lair_carwin_4
Lair:3:   layout_chaotic_city, minmay_swamp_entry_eels
Lair:4:   layout_loops_ring, minmay_snake_entry_guardpost_medium
Lair:5:   layout_long_grid, dpeg_slime_entry_enclosed_altar
Lair:6:   evil_forest, layout_regular_city, serial_bayou_shore_b, uniq_sonja
Abyss:2:  base: D:2, guppyfry_abyss_exit_glass_guarded,
          serial_sigils_hangedman_snap, minivault_1

Skill      XL: |  1  2  3  4  5  6  7  8  9 10 11 12 13 14 |
---------------+-------------------------------------------+-----
Stealth        | 3 4 5 6 8 12 13 | 13.6
Transmutations | 2 3 6 7 8 |  8.0
Spellcasting   | 3 5 7 8 10 12 | 12.9
Earth Magic    | 4 5 6 7 10 11 | 11.0
Dodging        | 3 5 6 |  6.9
Invocations    | 2 3 5 6 |  6.6
Fighting       | 1 3 |  3.0
Short Blades   | 1 4 5 6 |  6.9
Air Magic      | 2 3 |  3.0
Summonings     | 2 3 5 |  5.0
Necromancy     | 4 5 |  5.0
Conjurations   | 2 4 |  4.5
Poison Magic   | 3 |  3.0
Evocations     | 2 |  2.0
Shields        | 2 |  2.0

Action                   |  1- 3 |  4- 6 |  7- 9 | 10-12 | 13-15 || total
-------------------------+-------+-------+-------+-------+-------++-------
Melee: Short sword       |    28 |    51 |   132 |   155 |       ||   366
       Tentacles         |     6 |    11 |    49 |    91 |    48 ||   205
       Constrict         |     6 |    16 |    32 |    50 |    19 ||   123
       Punch             |       |     1 |     3 |     6 |     3 ||    13
       Dagger            |       |       |       |   180 |   146 ||   326
       Quick blade       |       |       |       |       |    21 ||    21
 Cast: Sandblast         |    26 |    53 |   116 |   122 |   163 ||   480
       Petrify           |       |       |    17 |    83 |    92 ||   192
       Stone Arrow       |       |       |    16 |   148 |    66 ||   230
       Borgnjor's Vile C |       |       |       |    10 |    85 ||    95
       Summon Lightning  |       |       |       |     2 |    20 ||    22
       Olgreb's Toxic Ra |       |       |       |       |    41 ||    41
Invok: Channel Magic     |       |       |       |     1 |     9 ||    10
Evoke: Wand              |       |       |     2 |       |     7 ||     9
       Phantom mirror    |       |       |       |       |     3 ||     3
  Use: Potion            |       |     3 |     4 |     5 |     6 ||    18
       Scroll            |       |       |     5 |     7 |    22 ||    34
 Stab: Sleeping          |     2 |     9 |    10 |    31 |    11 ||    63
       Petrified         |       |       |    38 |    67 |    55 ||   160
       Paralysed         |       |       |     3 |       |     1 ||     4
       Petrifying        |       |       |       |     8 |     4 ||    12
Armor: Skin              |     2 |     6 |    30 |    39 |    47 ||   124
Dodge: Dodged            |    21 |    52 |   118 |   220 |   178 ||   589
